 Dungeon Crawl Stone Soup version 0.30-a0-141-g30f27751c5 (webtiles) character file.

Game seed: 2169019217991096545

74 qw the Chopper (level 4, -3/28 HPs)
             Began as a Gargoyle Fighter on Sept 25, 2022.
             Killed from afar by an orc wizard (7 damage)
             ... with a puff of flame
             ... on level 3 of the Dungeon.
             The game lasted 00:00:53 (2540 turns).

qw the Chopper (Gargoyle Fighter)                   Turns: 2540, Time: 00:00:53

Health: -3/28      AC: 13    Str: 19 (21) XL:     4   Next: 28%
Magic:  4/4        EV:  7    Int:  6 (9)  God:
Gold:   64         SH:  4    Dex:  7 (9)  Spells: 3/3 levels left

rFire   . . .      SeeInvis .    Y - +1 war axe
rCold   . . .      Faith    .    c - +0 buckler
rNeg    + . .      Spirit   .    f - +0 chain mail
rPois   inf        Reflect  .    (no helmet)
rElec   +          Harm     .    (no cloak)
rCorr   .          Rampage  .    g - +0 pair of gloves
Will    .....                    (no boots)
Stlth   ..........               (no amulet)
HPRegen 0.09/turn                (no ring)
MPRegen 0.09/turn                (no ring)

@: no status effects
A: sickness immunity, AC +3, negative energy resistance 1, electricity
resistance, torment resistance 1, petrification resistance
a: no special abilities


You were on level 3 of the Dungeon.
You visited 1 branch of the dungeon, and saw 3 of its levels.

You collected 84 gold pieces.
You spent 20 gold pieces at shops.


Innate Abilities, Weirdness & Mutations

You are immune to sickness and miasma.
Your stone body is resilient. (AC +3)
You are immune to poison.
You resist negative energy. (rN+)
You are resistant to electric shocks. (rElec)
You are resistant to unholy torment.
You are immune to petrification.


   Skills:
 - Level 3.2 Fighting
 + Level 4.0 Axes
 - Level 3.2 Armour
 - Level 3.2 Shields


You had 3 spell levels left.
You didn't know any spells.
Your spell library was empty.

Inventory:

Hand Weapons
 Y - a +1 war axe (weapon)
Armour
 c - a +0 buckler (worn)
 f - a +0 chain mail (worn)
 g - a +0 pair of gloves (worn)
Scrolls
 l - a scroll of identify
Potions
 d - a potion of might
 e - a potion of mutation {unknown}
 h - a potion of flight {unknown}

Dungeon Overview and Level Annotations

Branches:
Dungeon (3/15)

Altars:
Wu Jian

Shops:
D:1 (?(!


Message History

Something hits you. The orc hits you but does no damage.
You barely miss the orc. You hit something.
You hear some strange, mumbled words.
A puff of flame appears from out of thin air!
The puff of flame hits you! You block the orc's attack.
You hit the orc.
The orc is almost dead.
You closely miss something. Something hits you but does no damage.
You block the orc's attack.
You hear some strange, mumbled words.
A puff of flame appears from out of thin air!
The puff of flame hits you. The orc closely misses you.
You barely miss the orc.
The orc is almost dead.
You barely miss something. Something hits you.
The orc hits you but does no damage.
You barely miss the orc.
The orc is almost dead.
You miss something. Something hits you but does no damage.
The orc hits you but does no damage.
You slash the orc!
You kill the orc!
You barely miss something. Something hits you. The adder closely misses you.
Something hits you but does no damage.
You closely miss the adder. You closely miss something.
The adder bites you but does no damage. Something hits you but does no damage.
The adder bites you but does no damage.
You slash the adder!
The adder is severely wounded.
You miss something. The adder completely misses you.
You block something's attack.
You hit the adder.
The adder is almost dead.
You hit something. The adder bites you but does no damage.
You hear some strange, mumbled words.
A puff of flame appears from out of thin air!
The puff of flame hits you!
You die...

##. ... #..
#.. ####..
.....
#.{#######...
#.S@)<.....#
#.########...
#


You could see an adder.

Vanquished Creatures
  An adder (D:2)
  2 dart slugs
  3 orcs (D:3)
  7 endoplasms
  A giant cockroach (D:2)
  5 hobgoblins
  6 jackals (D:2)
  6 quokkas
  6 ball pythons
  5 bats (D:1)
  A frilled lizard (D:2)
  3 goblins
  3 kobolds
  5 rats
54 creatures vanquished.

Notes
Turn   | Place    | Note
-------+----------+-------------------------------------------
     0 | D:1      | qw the Gargoyle Fighter began the quest for the Orb.
     0 | D:1      | Reached XP level 1. HP: 14/14 MP: 1/1
     0 | D:1      | 0 ||| qw: Version: 0.2-a-10-g399e6c4
     0 | D:1      | 0 ||| qw: Game counter: 216
     0 | D:1      | 0 ||| qw: Always use a shield: true
     0 | D:1      | 0 ||| qw: God list: Okawaru
     0 | D:1      | 0 ||| qw: Allow faded altars: false
     0 | D:1      | 0 ||| qw: Do Orc after D:15 true
     0 | D:1      | 0 ||| qw: Do second Lair branch before Depths: true
     0 | D:1      | 0 ||| qw: Lair rune preference: random
     0 | D:1      | 0 ||| qw: Plans: Normal, Zot:1-4, God:TSO, Crypt, Tomb,
                  | Pan, Slime:5, Hells, Abyss, Orb
     0 | D:1      | 0 ||| PLANNING D:1-11
    57 | D:1      | HP: 3/14 [frozen (5)]
    59 | D:1      | Reached skill level 2 in Axes
   368 | D:1      | Found Qynuamae's Antique Weapon Shop.
   378 | D:1      | Reached XP level 2. HP: 19/19 MP: 2/2
   379 | D:1      | 379 ||| Stepping ~*~*~tactically~*~*~ (hiding).
   488 | D:1      | 488 ||| SHOPLISTING +10 morningstar "Eos" {elec, Halo
                  | rElec} (2072 gold, have 8).
   488 | D:1      | 488 ||| SHOPLISTING mace (84 gold, have 8).
   488 | D:1      | 488 ||| SHOPLISTING whip (70 gold, have 8).
   534 | D:1      | HP: 3/19 [quokka (3)]
   915 | D:1      | Found a faded altar of an unknown god.
   940 | D:1      | Found Lufiab's Distillery.
  1040 | D:1      | 1040 ||| SHOPLISTING potion of cancellation (104 gold, have
                  | 22).
  1040 | D:1      | 1040 ||| SHOPLISTING potion of curing (39 gold, have 22).
  1040 | D:1      | 1040 ||| SHOPLISTING potion of mutation (104 gold, have
                  | 22).
  1040 | D:1      | 1040 ||| SHOPLISTING potion of resistance (130 gold, have
                  | 22).
  1068 | D:1      | Reached skill level 3 in Axes
  1079 | D:1      | 1079 ||| Stepping ~*~*~tactically~*~*~ (stealth).
  1094 | D:1      | 1094 ||| Stepping ~*~*~tactically~*~*~ (stealth).
  1099 | D:1      | Reached XP level 3. HP: 23/23 MP: 3/3
  1137 | D:1      | Found Viaplop's Antique Weapon Boutique.
  1153 | D:1      | 1153 ||| SHOPLISTING morningstar (64 gold, have 34).
  1249 | D:1      | Found Daves's Magic Scroll Shop.
  1255 | D:1      | 1255 ||| SHOPLISTING scroll of enchant armour (75 gold,
                  | have 48).
  1255 | D:1      | 1255 ||| BUYING scroll of identify (20 gold).
  1255 | D:1      | Bought a scroll of identify for 20 gold pieces
  1255 | D:1      | 1255 ||| SHOPLISTING scroll of teleportation (30 gold, have
                  | 28).
  1467 | D:1      | 1467 ||| DROPPING ring of wizardry.
  1468 | D:1      | 1468 ||| READING scroll labelled OFIROM VERCH.
  1469 | D:1      | 1469 ||| READING scroll labelled XAETA KEZIANG.
  1470 | D:1      | 1470 ||| READING 2 scrolls labelled REMNIFEKEU.
  1471 | D:1      | 1471 ||| READING scroll labelled SIGEIHYWEPN.
  1472 | D:1      | 1472 ||| DROPPING scroll of blinking.
  1563 | D:2      | 1563 ||| Stepping ~*~*~tactically~*~*~ (hiding).
  1663 | D:2      | 1663 ||| Stepping ~*~*~tactically~*~*~ (stealth).
  1838 | D:2      | Reached XP level 4. HP: 28/28 MP: 4/4
  1874 | D:2      | 1874 ||| Stepping ~*~*~tactically~*~*~ (stealth).
  1875 | D:2      | 1875 ||| Stepping ~*~*~tactically~*~*~ (stealth).
  1882 | D:2      | 1882 ||| Stepping ~*~*~tactically~*~*~ (stealth).
  1884 | D:2      | 1884 ||| Stepping ~*~*~tactically~*~*~ (stealth).
  1960 | D:2      | 1960 ||| Stepping ~*~*~tactically~*~*~ (stealth).
  1964 | D:2      | 1964 ||| Stepping ~*~*~tactically~*~*~ (stealth).
  2167 | D:2      | Found an ornate altar of the Wu Jian Council.
  2419 | D:2      | 2419 ||| UPGRADING to +0 chain mail.
  2429 | D:2      | 2429 ||| DROPPING +0 scale mail.
  2430 | D:2      | 2430 ||| UPGRADING to +0 pair of gloves.
  2435 | D:2      | 2435 ||| DRINKING 2 coppery potions.
  2436 | D:2      | 2436 ||| DROPPING potion of degeneration.
  2477 | D:3      | Reached skill level 4 in Axes
  2477 | D:3      | 2477 ||| STAIRDANCE
  2535 | D:3      | HP: 5/28 [something (3)]
  2540 | D:3      | Killed from afar by an orc wizard

Levels and vault maps discovered:
D:1:      denvon_arrival_waterhouse, layout_basic,
          chequers_ecumenical_altar_simple, serial_shops, shop,
          nicolae_diamond_shop, nicolae_shop_overgrown_old_shop,
          nicolae_shop_advertising_works [nicolae_subvault_shop_adworks]
D:2:      layout_basic, basic_altar, grunt_ministairs_4, uniq_crazy_yiuf_cottage
D:3:      layout_loops_ring, gammafunk_ghost_abyssal_escape, chequers_big_river,
          minmay_puff, uniq_robin, uniq_grinder

Skill      XL: |  1  2  3  4 |
---------------+-------------+-----
Axes           | 2 3 4 |  4.0
Fighting       | |  3.2
Armour         | |  3.2
Shields        | |  3.2

Action                   |  1- 3 |  4- 6 || total
-------------------------+-------+-------++-------
Melee: War axe           |   143 |    49 ||   192
  Use: Scroll            |     4 |       ||     4
       Potion            |       |     1 ||     1
Armor: Scale mail        |    57 |    10 ||    67
       Chain mail        |       |    21 ||    21
Dodge: Dodged            |    67 |    13 ||    80
Block: Buckler           |    22 |     8 ||    30

Table legend:
 A = Non-vault XP
 B = Vault XP
 C = Vault XP percentage of total XP
 D = Non-vault monster count
 E = Vault monster count
 F = Vault count percentage of total count
                 A         B        C        D         E       F
            +---------+---------+-------+---------+---------+-------
      Total |     104 |       2 |   1.9 |      52 |       2 |   3.7
            +---------+---------+-------+---------+---------+-------
        D:1 |      42 |       0 |   0.0 |      26 |       0 |   0.0
        D:2 |      53 |       2 |   3.6 |      23 |       2 |   8.0
        D:3 |       9 |       0 |   0.0 |       3 |       0 |   0.0
            +---------+---------+-------+---------+---------+-------
